 Dungeon Crawl Stone Soup version 0.31.0-11-ge490571c62 (webtiles) character file.

Game seed: 15897823731357394180

69 qw the Shooter (level 4, -1/22 HPs)
             Began as a Spriggan Hunter on Feb 3, 2024.
             Killed from afar by Sigmund (6 damage)
             ... with a magic dart
             ... on level 2 of the Dungeon.
             The game lasted 00:00:36 (579 turns).

qw the Shooter (Spriggan Hunter)                     Turns: 579, Time: 00:00:37

Health: -1/22      AC:  2    Str:  7    XL:     4   Next: 2%
Magic:  5/5        EV: 19    Int: 10    God:
Gold:   100        SH:  0    Dex: 20    Spells: 3/3 levels left

rFire   . . .        a - +0 shortbow (chaos)
rCold   . . .        (shield currently unavailable)
rNeg    . . .        c - +0 robe
rPois   .            (helmet restricted)
rElec   .            (no cloak)
rCorr   .            (gloves unavailable)
SInv    +            (boots unavailable)
Will    .....        (no amulet)
Stlth   ++           (no ring)
HPRegen 0.23/turn    (no ring)
MPRegen 0.09/turn

%: no passive effects
@: very quick
A: very small, no large weapons, unfitting armour, see invisible, speed 3
a: no special abilities


You were on level 2 of the Dungeon.
You visited 1 branch of the dungeon, and saw 2 of its levels.

You collected 100 gold pieces.


Innate Abilities, Weirdness & Mutations

You are very small and have problems with some larger weapons.
You are too small for most types of armour.
You have supernaturally acute eyesight. (SInv)
You cover ground extremely quickly. (Speed+++)


   Skills:
 - Level 1.5 Fighting
 - Level 5.0 Ranged Weapons
 + Level 4.1 Dodging
 - Level 1.5 Stealth


You had 3 spell levels left.
You didn't know any spells.
Your spell library was empty.

Inventory:

Hand Weapons
 a - a +0 shortbow of chaos (weapon)
Armour
 c - a +0 robe (worn)
Potions
 b - a potion of curing {unknown}
 d - a potion of haste {unknown}
 e - 2 potions of might
 f - a potion of heal wounds {unknown}

Dungeon Overview and Level Annotations

Branches:
Dungeon (2/15)

Altars:
Xom

Shops:
D:2 :

Annotations:
D:2 Sigmund


Message History

Enter note:
568 ||| RETREEEEATING.
A jackal comes into view.
Sigmund hits you from afar with a +6 vampiric scythe!
You shoot an arrow. The jackal barks!
The arrow hits Sigmund.
Sigmund seems to grow stronger.
Sigmund is lightly wounded.
You hear a shout!
Sigmund barely misses you.
571 ||| RETREEEEATING.
572 ||| FLEEEEING.
573 ||| FLEEEEING.
You shoot an arrow. The arrow barely misses the jackal.
The arrow completely misses the jackal.
Sigmund gestures wildly while chanting.
Sigmund flickers and vanishes for a moment.
The jackal barely misses you.
You shoot an arrow. The arrow barely misses the jackal.
The arrow hits the jackal!
You kill the jackal!
The jackal bites you.
You have reached level 4!
Enter note: You shoot an arrow.
The arrow misses the jackal.
The arrow hits Sigmund but does no damage.
The jackal misses you. The jackal completely misses you.
You shoot an arrow. The arrow hits the jackal.
You drain the jackal.
You kill the jackal!
Sigmund hits you from afar with a +6 vampiric scythe!
Enter note:
578 ||| RETREEEEATING.
You shoot an arrow.
The arrow hits Sigmund but does no damage.
Sigmund gestures at you while chanting.
You easily resist.
Sigmund points at you and mumbles some strange words.
The magic dart hits you.
You die...
Sigmund begins carving another notch in his scythe.

#### #... #... #######
#... ....... #... .......
#...
.......################...
...)...o@@................
.......################...
....%.. #... ....#.# ####
... .[ # .. .o. # . ~.. #
.... # #


You could see Sigmund (strong, invisible) and an orc.

Vanquished Creatures
  Jessica (D:2)
  An adder (D:2)
  2 dart slugs
  2 ball pythons
  3 bats
  An endoplasm (D:1)
  A giant cockroach (D:1)
  6 hobgoblins
  3 jackals (D:2)
  A quokka (D:1)
  A frilled lizard (D:1)
  2 kobolds (D:1)
  4 rats
28 creatures vanquished.

Notes
Turn   | Place    | Note
-------+----------+-------------------------------------------
     0 | D:1      | qw the Spriggan Hunter began the quest for the Orb.
     0 | D:1      | Reached XP level 1. HP: 10/10 MP: 2/2
     0 | D:1      | 0 ||| qw: Version: 0.3-a-155-g5e7d8dd
     0 | D:1      | 0 ||| qw: Game counter: 3328
     0 | D:1      | 0 ||| qw: Melee chars always use a shield: true
     0 | D:1      | 0 ||| qw: God list: Okawaru
     0 | D:1      | 0 ||| qw: Allow faded altars: false
     0 | D:1      | 0 ||| qw: Do Orc after clearing Dungeon:15 true
     0 | D:1      | 0 ||| qw: Do second Lair branch before Depths: true
     0 | D:1      | 0 ||| qw: Lair rune preference: random
     0 | D:1      | 0 ||| qw: Goals: Normal
     0 | D:1      | 0 ||| PLANNING D:1-11
    21 | D:1      | Reached skill level 3 in Dodging
    94 | D:1      | Reached XP level 2. HP: 14/14 MP: 3/3
   402 | D:1      | 402 ||| READING 2 scrolls labelled FOTAC TAIWO.
   402 | D:1      | 402 ||| BRANDING +0 shortbow.
   403 | D:1      | 403 ||| READING scroll of brand weapon.
   403 | D:1      | 403 ||| BRANDING +0 shortbow of flaming.
   404 | D:1      | 404 ||| READING scroll labelled ZYANEI XITH.
   405 | D:1      | 405 ||| DRINKING 3 blue potions.
   406 | D:1      | 406 ||| DROPPING scroll of butterflies.
   451 | D:2      | Found a shimmering altar of Xom.
   452 | D:2      | Found Boidowec's Book Boutique.
   475 | D:2      | Reached XP level 3. HP: 18/18 MP: 4/4
   557 | D:2      | Noticed Jessica
   560 | D:2      | Killed Jessica
   561 | D:2      | Reached skill level 5 in Ranged Weapons
   567 | D:2      | Noticed Sigmund
   568 | D:2      | 568 ||| RETREEEEATING.
   571 | D:2      | 571 ||| RETREEEEATING.
   572 | D:2      | 572 ||| FLEEEEING.
   573 | D:2      | 573 ||| FLEEEEING.
   576 | D:2      | Reached XP level 4. HP: 13/22 MP: 5/5
   577 | D:2      | HP: 5/22 [Sigmund/+6 vampiric scythe (9)]
   578 | D:2      | 578 ||| RETREEEEATING.
   579 | D:2      | Killed from afar by Sigmund

Levels and vault maps discovered:
D:1:      roderic_crop_circles_arrival_small, layout_rooms
D:2:      layout_rooms, serial_shops, shop, nicolae_shop_rolling_square, shop,
          basic_altar, skrybe_limestone_x, uniq_sigmund, uniq_jessica

Skill      XL: |  1  2  3 |
---------------+----------+-----
Dodging        | 3 4 |  4.1
Ranged Weapons | 5 |  5.0
Fighting       | |  1.5
Stealth        | |  1.5

Action                     |  1- 3 |  4- 6 || total
---------------------------+-------+-------++-------
   Fire: Shortbow          |    66 |     3 ||    69
    Use: Scroll            |     3 |       ||     3
         Potion            |     1 |       ||     1
 Armour: Robe              |     6 |     2 ||     8
  Dodge: Dodged            |    15 |     2 ||    17

Table legend:
 A = Non-vault XP
 B = Vault XP
 C = Vault XP percentage of total XP
 D = Non-vault monster count
 E = Vault monster count
 F = Vault count percentage of total count
                 A         B        C        D         E       F
            +---------+---------+-------+---------+---------+-------
      Total |      62 |      37 |  37.4 |      27 |       1 |   3.6
            +---------+---------+-------+---------+---------+-------
        D:1 |      30 |       0 |   0.0 |      17 |       0 |   0.0
        D:2 |      32 |      37 |  53.6 |      10 |       1 |   9.1
            +---------+---------+-------+---------+---------+-------
